 Dungeon Crawl Stone Soup version 0.30-a0-263-ge22c4ad894 (webtiles) character file.

Game seed: 6157586966952297798

7 sscrono2 the Sneak (level 2, 0/20 (21) HPs)
             Began as an Octopode Delver on Oct 13, 2022.
             Slain by a necrophage (6 damage)
             ... on level 4 of the Dungeon.
             The game lasted 00:00:45 (205 turns).

sscrono2 the Sneak (Octopode Delver)                 Turns: 205, Time: 00:00:45

HP:   0/20 (21)     AC:  1    Str: 11    XL:     2   Next: 0%
MP:   2/2           EV: 13    Int: 12    God:
Gold: 11            SH:  0    Dex: 13    Spells: 1/1 levels left

rFire   . . .      SeeInvis .      - Unarmed
rCold   . . .      Faith    .    (no shield)
rNeg    . . .      Spirit   .    (helmet restricted)
rPois   .          Reflect  .    (no amulet)
rElec   .          Harm     .    (no ring)
rCorr   .          Rampage  .    (no ring)
Will    .....                    (no ring)
Stlth   ++++......               (no ring)
HPRegen 0.23/turn                (no ring)
MPRegen 0.08/turn                (no ring)
                                 (no ring)
                                 (no ring)

@: hasted, lightly drained, very quick
A: almost no armour, amphibious, 8 rings, camouflage 1, gelatinous body 1,
(nimble swimmer 1), tentacles
a: no special abilities


You were on level 4 of the Dungeon.
You visited 1 branch of the dungeon, and saw 2 of its levels.

You collected 11 gold pieces.

Inventory:

Wands
 e - a wand of digging (3)
Scrolls
 a - a scroll of fog
 b - a scroll of magic mapping
 f - a scroll of butterflies {unknown}


   Skills:
 - Level 3.0 Fighting
 - Level 2.0 Dodging
 - Level 6.6 Stealth
 + Level 2.6 Unarmed Combat


You had one spell level left.
You didn't know any spells.
Your spell library was empty.

Dungeon Overview and Level Annotations

Branches:
Dungeon (5/15)
 Temple: D:4-7

Altars:


Innate Abilities, Weirdness & Mutations

You cannot wear most types of armour.
You are amphibious.
You can wear up to eight rings at the same time.
Your skin changes colour to match your surroundings (Stealth+).
Your rubbery body absorbs attacks. (AC +1, EV +1)
((You are camouflaged when in or above water. (Stealth+)))
You have tentacles for arms and can constrict up to eight enemies at once.


Message History

Found a potion of haste.
You tentacle-slap the dart slug. You grab the dart slug.
You squeeze the dart slug, but do no damage.
The dart slug is heavily wounded.
You constrict the dart slug. The dart slug closely misses you.
You tentacle-slap the dart slug but do no damage.
The dart slug is heavily wounded.
You constrict the dart slug.
The dart slug bites you but does no damage.
You tentacle-slap the dart slug.
You kill the dart slug!
You have reached level 2!
Press: ? - help, v - describe, . - travel
Here: a scorpion (heavily wounded)
The floor.
As you read the scroll of fear, it crumbles to dust.
You assume a fearsome visage.
The scorpion looks frightened!
c - a potion of haste A necrophage comes into view.
Found 3 stones.
A goblin comes into view. It is wielding a +0 club.
You feel yourself speed up.
You tentacle-slap the necrophage. You grab the necrophage.
The necrophage is lightly damaged.
You constrict the necrophage, but do no damage.
The necrophage barely misses you.
You tentacle-slap the necrophage but do no damage.
The necrophage is lightly damaged.
You constrict the necrophage, but do no damage.
You tentacle-slap the necrophage. You squeeze the necrophage.
The necrophage is lightly damaged.
You constrict the necrophage. The necrophage hits you.
You feel drained.
* * * LOW HITPOINT WARNING * * *
You tentacle-slap the necrophage.
The necrophage is moderately damaged.
You constrict the necrophage. You tentacle-slap the necrophage.
The necrophage is heavily damaged.
You constrict the necrophage. The necrophage hits you.
You die...

##########
#........#
#@.......#
##n......#
##......#
##.....#
#.#.###
#.# # #.#
#.##
#..###


You could see a necrophage.

Vanquished Creatures
  A dart slug (D:4)
  An endoplasm (D:4)
  2 hobgoblins (D:4)
4 creatures vanquished.

Notes
Turn   | Place    | Note
-------+----------+-------------------------------------------
     0 | D:5      | sscrono2 the Octopode Delver began the quest for the Orb.
     0 | D:5      | Reached XP level 1. HP: 16/16 MP: 1/1
   117 | D:4      | Noticed a scorpion
   166 | D:4      | Reached XP level 2. HP: 4/21 MP: 2/2
   175 | D:4      | Noticed a necrophage
   205 | D:4      | Slain by a necrophage

Illustrated notes

Levels and vault maps discovered:
D:4:      layout_cave_pods, mainiacjoe_overflow_six_doors_small, serial_forest,
          infiniplex_forest_lined_2, infiniplex_forest_end_1,
          infiniplex_forest_lined_room_3, infiniplex_forest_clump_curved,
          infiniplex_forest_clump_tiny, infiniplex_forest_end_1
D:5:      layout_loops_corners, minmay_temple_entry_large_hall, uniq_edmund

Action                   || total
-------------------------++-------
Melee: Unarmed           ||    21
       Constrict         ||     5
       Tentacles         ||     5
  Use: Potion            ||     2
       Scroll            ||     1
Armor: Skin              ||     1
Dodge: Dodged            ||     6

Table legend: (Time is in decaauts)
 A = Elapsed time spent in this place.
 B = Non-inter-level travel time spent in this place.
 C = Inter-level travel time spent in this place.
 D = Time resting spent in this place.
 E = Time spent auto-exploring this place.
 F = Levels seen in this place.
 G = Mean time per level.
                   A        B        C        D        E       F      G
               +--------+--------+--------+--------+--------+-----+--------+
         Total |    189 |    183 |      6 |      0 |     93 |   2 |   94.5 |
       Dungeon |    189 |    183 |      6 |      0 |     93 |   2 |   94.5 |
               +--------+--------+--------+--------+--------+-----+--------+

Top non-repeatable levels by time:
     D:4: 126 daAuts
     D:5: 63 daAuts
